Workbook
Name _Toc508798278: 'LOTE 1'!$A$97
Name _Toc508798278: 'LOTE 2'!$A$97
Name _Toc508798280: 'LOTE 1'!#REF!
Name _Toc508798280: 'LOTE 2'!#REF!
Name _Toc508798281: 'LOTE 1'!#REF!
Name _Toc508798281: 'LOTE 2'!#REF!

Sheet LOTE 1
A1: PRESUPUESTOS PARCIALES. GRUPO I
A3: Renovación del Edificio de Reactivos de Venta Alta
A4: Descripción | B4: Importe
A5: 1. Redacción de Proyecto | B5: 275000
A6: 2. Redacción y actualización BEP | B6: 7500
A7: 3. Toma de datos, gestión, integración y modelado de las instalaciones existentes (incluye trabajos topográficos) | B7: 55000
A8: 4. Modelado de las obras a proyectar | B8: 61000
A9: 5. Integración de disciplinas y coordinación | B9: 21000
A10: 6. Diseño, creación y mantenimiento del modelo integrador | B10: 7500
A11: 7. Trabajo de reconocimiento geotécnico | B11: Según Precios Unitarios
A12: TOTAL PROYECTO | B12: =SUM(B5:B11) -> 427000
A15: PRESUPUESTOS PARCIALES. GRUPO II y III
A16: Descripción | B16: Ud. | C16: Precio | D16: Importe
A17: 1.- TRABAJOS TOPOGRÁFICOS
A18: 1. Ha. de levantamiento de plano taquimétrico del terreno a escala 1/500, incluyendo enlace a la red geodésica, bases de replanteo, coordenadas UTM, nivelación geométrica, obtención de datos de redes de servicios existentes y elementos que definan el plano parcelario. | B18: 10 | C18: 850 | D18: =+B18*C18 -> 8500
A19: 2. Ud. Media jornada de equipo de topografía con equipo laser digital para obtención de la nube de puntos con una resolución mínima establecida en este Pliego y fotografía 360º en calidad HDR, de todos los elementos, tanto interiores como exteriores, de infraestructuras hidráulicas, incluso el enlace con la red topográfica y la unión de nubes parciales realizadas desde los distintos estacionamientos (hasta 15 estacionamientos en el mismo emplazamiento) | B19: 5 | C19: 1900 | D19: =+B19*C19 -> 9500
A20: 3. Ud. Jornada de equipo de topografía con equipo laser digital para obtención de la nube de puntos con una resolución mínima establecida en este Pliego y fotografía 360º en calidad HDR, de todos los elementos, tanto interiores como exteriores, de infraestructuras hidráulicas, incluso el enlace con la red topográfica y la unión de nubes parciales realizadas desde los distintos estacionamientos (hasta 30 estacionamientos en el mismo emplazamiento) | B20: 3 | C20: 3100 | D20: =+B20*C20 -> 9300
A21: 4. Ud. de estacionamiento de laser digital para obtención de la nube de puntos con una resolución mínima establecida en este Pliego y fotografía 360º en calidad HDR, de todos los elementos, tanto interiores como exteriores, de infraestructuras hidráulicas, incluso el enlace con la red topográfica y la unión de nubes parciales realizadas desde los distintos estacionamientos (Emplazamientos que necesitan entre 90 y 250 estacionamientos) | B21: 200 | C21: 100 | D21: =+B21*C21 -> 20000
A22: 5. Ud. de estacionamiento de laser digital para obtención de la nube de puntos con una resolución mínima establecida en este Pliego y fotografía 360º en calidad HDR, de todos los elementos, tanto interiores como exteriores, de infraestructuras hidráulicas, incluso el enlace con la red topográfica y la unión de nubes parciales realizadas desde los distintos estacionamientos (Emplazamientos que necesitan entre 250 y 500 estacionamientos) | B22: 400 | C22: 85 | D22: =+B22*C22 -> 34000
A23: 6. Ud. de estacionamiento de laser digital para obtención de la nube de puntos con una resolución mínima establecida en este Pliego y fotografía 360º en calidad HDR, de todos los elementos, tanto interiores como exteriores, de infraestructuras hidráulicas, incluso el enlace con la red topográfica y la unión de nubes parciales realizadas desde los distintos estacionamientos (Emplazamientos que necesitan más de 500 estacionamientos) | B23: 600 | C23: 70 | D23: =+B23*C23 -> 42000
A24: 7. Hora de equipo de topografía (incluyendo todos los medios y equipos necesarios) | B24: 150 | C24: 60 | D24: =+B24*C24 -> 9000
A25: 8. Día de equipo de topografía (incluyendo todos los medios y equipos necesarios) | B25: 10 | C25: 400 | D25: =+B25*C25 -> 4000
A26: 9. Hora de topógrafo/a | B26: 100 | C26: 42 | D26: =+B26*C26 -> 4200
A27: 10. Hora de ayudante de topografía | B27: 50 | C27: 30 | D27: =+B27*C27 -> 1500
A28: TOTAL TRABAJOS TOPOGRÁFICOS | D28: =SUM(D18:D27) -> 142000
A30: 2.- RECONOCIMIENTO GEOLÓGICO-GEOTÉCNICO e INSPECCION DE ESTRUCTURAS
A31: 1. Ud. abono fijo por transporte de cada equipo de sondeos al área de trabajo. | B31: 1 | C31: 1100 | D31: =+B31*C31 -> 1100
A32: 2. Ud. emplazamiento de equipo en cada punto de sondeo que no precise preparación previa del terreno, con medios auxiliares. | B32: 3 | C32: 140 | D32: =+B32*C32 -> 420
A33: 3. MI. perforación a rotación en rellenos o suelos, con diámetros comerciales hasta ϕ<120 mm con extracción continua de testigo ϕ>70 mm. | B33: 50 | C33: 80 | D33: =+B33*C33 -> 4000
A34: 4. MI. perforación a rotación o rotopercusión, con diámetros comerciales ϕ<120 mm. En gravas-bolos. | B34: 12 | C34: 150 | D34: =+B34*C34 -> 1800
A35: 5. MI. perforación a rotación, con diámetros comerciales ϕ<120 mm. en roca de dureza media (perforación con widia), con extracción de testigo ϕ> 70 mm. | B35: 1 | C35: 150 | D35: =+B35*C35 -> 150
A36: 6. MI. perforación a rotación con diámetros comerciales ϕ<120 mm., en rocas de gran dureza (perforación con corona de diamantes), con extracción continua de testigo. | B36: 5 | C36: 200 | D36: =+B36*C36 -> 1000
A37: 7. MI. suplemento por perforación con extracción continua de testigo, en cualquier tipo de terreno, entre 25 y 50 m. de profundidad. | B37: 50 | C37: 18 | D37: =+B37*C37 -> 900
A38: 8. MI. suplemento por perforación con extracción continua de testigo, en cualquier tipo de terreno, entre 50 y 100 m. de profundidad. | B38: 1 | C38: 32 | D38: =+B38*C38 -> 32
A39: 9. MI. suplemento por perforación continua de testigo, en cualquier tipo de terreno, inclinada, para cualquier inclinación. | B39: 1 | C39: 27 | D39: =+B39*C39 -> 27
A40: 10 Ud. toma de muestra inalterada con tomamuestras de tipo abierto. | B40: 30 | C40: 52 | D40: =+B40*C40 -> 1560
A41: 11. Ud. ensayo SPT. | B41: 30 | C41: 52 | D41: =+B41*C41 -> 1560
A42: 12. Ud. testigo parafinado de más de 35 cm. de longitud y ϕ>70 mm. | B42: 3 | C42: 27 | D42: =+B42*C42 -> 81
... A95: 65. Ud. Informe de actividades realizadas, exponiendo la metodología llevada a cabo para la realización de las inspecciones y ensayos, el análisis de los resultados obtenidos y las conclusiones alcanzadas. El informe proporcionará la información necesaria en cuanto a calidades de los materiales, valor de la resistencia característica del homigón in situ (fck,is) y calidad del acero, así como los esquemas de armado de las secciones críticas de los elementos principales de la estructura, de cara al cálculo de las reformas previstas. | B95: 1 | C95: 4500 | D95: =+B95*C95 -> 4500
A96: TOTAL TRABAJOS GEOLÓGICOS-GEOTÉCNICOS | D96: =SUM(D31:D95) -> 69257
A98: Descripción | B98: Ud. | C98: Precio | D98: Importe
A99: 3.- REDACCION DE ESTUDIOS Y PROYECTOS
A100: 1. Hr. Coordinación de Asistencia Técnica | B100: 50 | C100: 85 | D100: =+B100*C100 -> 4250
A101: 2. Hr. Ingeniero/a Superior o Arquitecto/a (>10 años de experiencia) | B101: 2000 | C101: 85 | D101: =+B101*C101 -> 170000
A102: 3. Hr. Ingeniero/a Superior o Arquitecto/a (de 5 a 10 años de experiencia) | B102: 3000 | C102: 71 | D102: =+B102*C102 -> 213000
A103: 4. Hr. Ingeniero/a Superior o Arquitecto/a (<5 años de experiencia) | B103: 1000 | C103: 60 | D103: =+B103*C103 -> 60000
A104: 5. Hr. Ingeniero/a o Arquitecto/a Técnico/a (>10 años de experiencia) | B104: 1000 | C104: 60 | D104: =+B104*C104 -> 60000
A105: 6. Hr. Ingeniero/a o Arquitecto/a Técnico/a (de 5 a 10 años de experiencia) | B105: 1000 | C105: 48 | D105: =+B105*C105 -> 48000
A106: 7. Hr. Ingeniero/a o Arquitecto/a Técnico/a (<5 años de experiencia) | B106: 500 | C106: 42 | D106: =+B106*C106 -> 21000
A107: 8. Hr. Delienante/a Proyectista | B107: 2000 | C107: 42 | D107: =+B107*C107 -> 84000
A108: 9. Hr. Delienante/a | B108: 500 | C108: 36 | D108: =+B108*C108 -> 18000
A109: 10. Hr. Administrativo/a, mecanógrafo/a y ofimático/a | B109: 200 | C109: 30 | D109: =+B109*C109 -> 6000
A110: TOTAL REDACCION DE ESTUDIOS Y PROYECTOS | D110: =SUM(D100:D109) -> 684250
A112: Descripción | B112: Ud. | C112: Precio | D112: Importe
A113: 4.- DIRECCION DE OBRA
A114: 1. Mes Ingeniero/a Superior a jornada completa (> 10 años de experiencia) | B114: 6 | C114: 10500 | D114: =+B114*C114 -> 63000
A115: 2. Mes Ingeniero/a Superior a jornada completa (> 5 años de experiencia) | B115: 6 | C115: 9520 | D115: =+B115*C115 -> 57120
A116: 3. Mes Ingeniero/a Superior a media jornada (> 5 años de experiencia) | B116: 6 | C116: 5950 | D116: =+B116*C116 -> 35700
A117: 4. Mes Ingeniero/a Técnico/a a jornada completa (> 10 años de experiencia) | B117: 6 | C117: 7140 | D117: =+B117*C117 -> 42840
A118: 5. Mes Ingeniero/a Técnico/a a media jornada (> 10 años de experiencia) | B118: 6 | C118: 4460 | D118: =+B118*C118 -> 26760
A119: 6. Mes Ingeniero/a Técnico/a a jornada completa ( de 5 a 10 años de experiencia) | B119: 5 | C119: 5950 | D119: =+B119*C119 -> 29750
A120: 7. Mes Ingeniero/a Técnico/a a media jornada (de 5 a 10 años de experiencia) | B120: 5 | C120: 3810 | D120: =+B120*C120 -> 19050
A121: 8. Mes Técnico/a de obra a jornada completa (> 5 años de experiencia) | B121: 6 | C121: 5355 | D121: =+B121*C121 -> 32130
A122: 9. Mes Técnico/a de obra a media jornada (> 5 años de experiencia) | B122: 6 | C122: 3335 | D122: =+B122*C122 -> 20010
A123: 10. Mes Auxiliar Técnico/a de obra a jornada completa (> 5 años de experiencia) | B123: 4 | C123: 4465 | D123: =+B123*C123 -> 17860
A124: 11. Mes Auxiliar Técnico/a de obra a media jornada (> 5 años de experiencia) | B124: 4 | C124: 2860 | D124: =+B124*C124 -> 11440
A125: TOTAL DIRECCION DE OBRA | D125: =SUM(D114:D124) -> 355660
A127: Descripción | B127: Ud. | C127: Precio | D127: Importe
A128: 5.- ENCUADERNACION Y EDICION
A129: 1. Ud. Encuadernación tornillos A4 | B129: 100 | C129: 60 | D129: =+B129*C129 -> 6000
A130: 2. Ud. Encuadernación tornillos A3 | B130: 20 | C130: 60 | D130: =+B130*C130 -> 1200
A131: 3. Ud. Caja encuadernación proyecto. 4 tomos A4 y 1 tomo A3 | B131: 16 | C131: 120 | D131: =+B131*C131 -> 1920
A132: 4. Ud. Caja encuadernación proyecto. 6 tomos A4 y 1 tomo A3 | B132: 10 | C132: 180 | D132: =+B132*C132 -> 1800
A133: TOTAL ENCUADERNACION Y EDICION | D133: =SUM(D129:D132) -> 10920

Sheet LOTE 2
A1: PRESUPUESTOS PARCIALES. GRUPO I
A3: Ampliación y mejora ETAP de Gorosika (Ondarroa)
A4: Descripción | B4: Importe
A5: 1. Redacción de Proyecto | B5: 235000
A6: 2. Redacción y actualización BEP | B6: 7500
A7: 3. Toma de datos, gestión, integración y modelado de las instalaciones existentes (incluye trabajos topográficos) | B7: 55000
A8: 4. Modelado de las obras a proyectar | B8: 41000
A9: 5. Integración de disciplinas y coordinación | B9: 21000
A10: 6. Diseño, creación y mantenimiento del modelo integrador | B10: 7500
A11: 7. Trabajo de reconocimiento geotécnico | B11: Según Precios Unitarios
A12: TOTAL PROYECTO | B12: =SUM(B5:B11) -> 367000
A15: PRESUPUESTOS PARCIALES. GRUPO II y III
A16: Descripción | B16: Ud. | C16: Precio | D16: Importe
A17: 1.- TRABAJOS TOPOGRÁFICOS
A18: 1. Ha. de levantamiento de plano taquimétrico del terreno a escala 1/500, incluyendo enlace a la red geodésica, bases de replanteo, coordenadas UTM, nivelación geométrica, obtención de datos de redes de servicios existentes y elementos que definan el plano parcelario. | B18: 10 | C18: 850 | D18: =+B18*C18 -> 8500
A19: 2. Ud. Media jornada de equipo de topografía con equipo laser digital para obtención de la nube de puntos con una resolución mínima establecida en este Pliego y fotografía 360º en calidad HDR, de todos los elementos, tanto interiores como exteriores, de infraestructuras hidráulicas, incluso el enlace con la red topográfica y la unión de nubes parciales realizadas desde los distintos estacionamientos (hasta 15 estacionamientos en el mismo emplazamiento) | B19: 5 | C19: 1900 | D19: =+B19*C19 -> 9500
A20: 3. Ud. Jornada de equipo de topografía con equipo laser digital para obtención de la nube de puntos con una resolución mínima establecida en este Pliego y fotografía 360º en calidad HDR, de todos los elementos, tanto interiores como exteriores, de infraestructuras hidráulicas, incluso el enlace con la red topográfica y la unión de nubes parciales realizadas desde los distintos estacionamientos (hasta 30 estacionamientos en el mismo emplazamiento) | B20: 3 | C20: 3100 | D20: =+B20*C20 -> 9300
A21: 4. Ud. de estacionamiento de laser digital para obtención de la nube de puntos con una resolución mínima establecida en este Pliego y fotografía 360º en calidad HDR, de todos los elementos, tanto interiores como exteriores, de infraestructuras hidráulicas, incluso el enlace con la red topográfica y la unión de nubes parciales realizadas desde los distintos estacionamientos (Emplazamientos que necesitan entre 90 y 250 estacionamientos) | B21: 200 | C21: 100 | D21: =+B21*C21 -> 20000
A22: 5. Ud. de estacionamiento de laser digital para obtención de la nube de puntos con una resolución mínima establecida en este Pliego y fotografía 360º en calidad HDR, de todos los elementos, tanto interiores como exteriores, de infraestructuras hidráulicas, incluso el enlace con la red topográfica y la unión de nubes parciales realizadas desde los distintos estacionamientos (Emplazamientos que necesitan entre 250 y 500 estacionamientos) | B22: 400 | C22: 85 | D22: =+B22*C22 -> 34000
A23: 6. Ud. de estacionamiento de laser digital para obtención de la nube de puntos con una resolución mínima establecida en este Pliego y fotografía 360º en calidad HDR, de todos los elementos, tanto interiores como exteriores, de infraestructuras hidráulicas, incluso el enlace con la red topográfica y la unión de nubes parciales realizadas desde los distintos estacionamientos (Emplazamientos que necesitan más de 500 estacionamientos) | B23: 600 | C23: 70 | D23: =+B23*C23 -> 42000
A24: 7. Hora de equipo de topografía (incluyendo todos los medios y equipos necesarios) | B24: 150 | C24: 60 | D24: =+B24*C24 -> 9000
A25: 8. Día de equipo de topografía (incluyendo todos los medios y equipos necesarios) | B25: 10 | C25: 400 | D25: =+B25*C25 -> 4000
A26: 9. Hora de topógrafo/a | B26: 100 | C26: 42 | D26: =+B26*C26 -> 4200
A27: 10. Hora de ayudante de topografía | B27: 50 | C27: 30 | D27: =+B27*C27 -> 1500
A28: TOTAL TRABAJOS TOPOGRÁFICOS | D28: =SUM(D18:D27) -> 142000
A30: 2.- RECONOCIMIENTO GEOLÓGICO-GEOTÉCNICO e INSPECCION DE ESTRUCTURAS
A31: 1. Ud. abono fijo por transporte de cada equipo de sondeos al área de trabajo. | B31: 1 | C31: 1100 | D31: =+B31*C31 -> 1100
A32: 2. Ud. emplazamiento de equipo en cada punto de sondeo que no precise preparación previa del terreno, con medios auxiliares. | B32: 3 | C32: 140 | D32: =+B32*C32 -> 420
A33: 3. MI. perforación a rotación en rellenos o suelos, con diámetros comerciales hasta ϕ<120 mm con extracción continua de testigo ϕ>70 mm. | B33: 50 | C33: 80 | D33: =+B33*C33 -> 4000
A34: 4. MI. perforación a rotación o rotopercusión, con diámetros comerciales ϕ<120 mm. En gravas-bolos. | B34: 12 | C34: 150 | D34: =+B34*C34 -> 1800
A35: 5. MI. perforación a rotación, con diámetros comerciales ϕ<120 mm. en roca de dureza media (perforación con widia), con extracción de testigo ϕ> 70 mm. | B35: 1 | C35: 150 | D35: =+B35*C35 -> 150
A36: 6. MI. perforación a rotación con diámetros comerciales ϕ<120 mm., en rocas de gran dureza (perforación con corona de diamantes), con extracción continua de testigo. | B36: 5 | C36: 200 | D36: =+B36*C36 -> 1000
A37: 7. MI. suplemento por perforación con extracción continua de testigo, en cualquier tipo de terreno, entre 25 y 50 m. de profundidad. | B37: 50 | C37: 18 | D37: =+B37*C37 -> 900
A38: 8. MI. suplemento por perforación con extracción continua de testigo, en cualquier tipo de terreno, entre 50 y 100 m. de profundidad. | B38: 1 | C38: 32 | D38: =+B38*C38 -> 32
A39: 9. MI. suplemento por perforación continua de testigo, en cualquier tipo de terreno, inclinada, para cualquier inclinación. | B39: 1 | C39: 27 | D39: =+B39*C39 -> 27
A40: 10 Ud. toma de muestra inalterada con tomamuestras de tipo abierto. | B40: 30 | C40: 52 | D40: =+B40*C40 -> 1560
A41: 11. Ud. ensayo SPT. | B41: 30 | C41: 52 | D41: =+B41*C41 -> 1560
A42: 12. Ud. testigo parafinado de más de 35 cm. de longitud y ϕ>70 mm. | B42: 3 | C42: 27 | D42: =+B42*C42 -> 81
... A95: 65. Ud. Informe de actividades realizadas, exponiendo la metodología llevada a cabo para la realización de las inspecciones y ensayos, el análisis de los resultados obtenidos y las conclusiones alcanzadas. El informe proporcionará la información necesaria en cuanto a calidades de los materiales, valor de la resistencia característica del homigón in situ (fck,is) y calidad del acero, así como los esquemas de armado de las secciones críticas de los elementos principales de la estructura, de cara al cálculo de las reformas previstas. | B95: 1 | C95: 4500 | D95: =+B95*C95 -> 4500
A96: TOTAL TRABAJOS GEOLÓGICOS-GEOTÉCNICOS | D96: =SUM(D31:D95) -> 69257
A98: Descripción | B98: Ud. | C98: Precio | D98: Importe
A99: 3.- REDACCION DE ESTUDIOS Y PROYECTOS
A100: 1. Hr. Coordinación de Asistencia Técnica | B100: 50 | C100: 85 | D100: =+B100*C100 -> 4250
A101: 2. Hr. Ingeniero/a Superior o Arquitecto/a (>10 años de experiencia) | B101: 2000 | C101: 85 | D101: =+B101*C101 -> 170000
A102: 3. Hr. Ingeniero/a Superior o Arquitecto/a (de 5 a 10 años de experiencia) | B102: 3000 | C102: 71 | D102: =+B102*C102 -> 213000
A103: 4. Hr. Ingeniero/a Superior o Arquitecto/a (<5 años de experiencia) | B103: 1000 | C103: 60 | D103: =+B103*C103 -> 60000
A104: 5. Hr. Ingeniero/a o Arquitecto/a Técnico/a (>10 años de experiencia) | B104: 1000 | C104: 60 | D104: =+B104*C104 -> 60000
A105: 6. Hr. Ingeniero/a o Arquitecto/a Técnico/a (de 5 a 10 años de experiencia) | B105: 1000 | C105: 48 | D105: =+B105*C105 -> 48000
A106: 7. Hr. Ingeniero/a o Arquitecto/a Técnico/a (<5 años de experiencia) | B106: 500 | C106: 42 | D106: =+B106*C106 -> 21000
A107: 8. Hr. Delienante/a Proyectista | B107: 2000 | C107: 42 | D107: =+B107*C107 -> 84000
A108: 9. Hr. Delienante/a | B108: 500 | C108: 36 | D108: =+B108*C108 -> 18000
A109: 10. Hr. Administrativo/a, mecanógrafo/a y ofimático/a | B109: 200 | C109: 30 | D109: =+B109*C109 -> 6000
A110: TOTAL REDACCION DE ESTUDIOS Y PROYECTOS | D110: =SUM(D100:D109) -> 684250
A112: Descripción | B112: Ud. | C112: Precio | D112: Importe
A113: 4.- DIRECCION DE OBRA
A114: 1. Mes Ingeniero/a Superior a jornada completa (> 10 años de experiencia) | B114: 6 | C114: 10500 | D114: =+B114*C114 -> 63000
A115: 2. Mes Ingeniero/a Superior a jornada completa (> 5 años de experiencia) | B115: 6 | C115: 9520 | D115: =+B115*C115 -> 57120
A116: 3. Mes Ingeniero/a Superior a media jornada (> 5 años de experiencia) | B116: 6 | C116: 5950 | D116: =+B116*C116 -> 35700
A117: 4. Mes Ingeniero/a Técnico/a a jornada completa (> 10 años de experiencia) | B117: 6 | C117: 7140 | D117: =+B117*C117 -> 42840
A118: 5. Mes Ingeniero/a Técnico/a a media jornada (> 10 años de experiencia) | B118: 6 | C118: 4460 | D118: =+B118*C118 -> 26760
A119: 6. Mes Ingeniero/a Técnico/a a jornada completa ( de 5 a 10 años de experiencia) | B119: 5 | C119: 5950 | D119: =+B119*C119 -> 29750
A120: 7. Mes Ingeniero/a Técnico/a a media jornada (de 5 a 10 años de experiencia) | B120: 5 | C120: 3810 | D120: =+B120*C120 -> 19050
A121: 8. Mes Técnico/a de obra a jornada completa (> 5 años de experiencia) | B121: 6 | C121: 5355 | D121: =+B121*C121 -> 32130
A122: 9. Mes Técnico/a de obra a media jornada (> 5 años de experiencia) | B122: 6 | C122: 3335 | D122: =+B122*C122 -> 20010
A123: 10. Mes Auxiliar Técnico/a de obra a jornada completa (> 5 años de experiencia) | B123: 4 | C123: 4465 | D123: =+B123*C123 -> 17860
A124: 11. Mes Auxiliar Técnico/a de obra a media jornada (> 5 años de experiencia) | B124: 4 | C124: 2860 | D124: =+B124*C124 -> 11440
A125: TOTAL DIRECCION DE OBRA | D125: =SUM(D114:D124) -> 355660
A127: Descripción | B127: Ud. | C127: Precio | D127: Importe
A128: 5.- ENCUADERNACION Y EDICION
A129: 1. Ud. Encuadernación tornillos A4 | B129: 100 | C129: 60 | D129: =+B129*C129 -> 6000
A130: 2. Ud. Encuadernación tornillos A3 | B130: 20 | C130: 60 | D130: =+B130*C130 -> 1200
A131: 3. Ud. Caja encuadernación proyecto. 4 tomos A4 y 1 tomo A3 | B131: 16 | C131: 120 | D131: =+B131*C131 -> 1920
A132: 4. Ud. Caja encuadernación proyecto. 6 tomos A4 y 1 tomo A3 | B132: 10 | C132: 180 | D132: =+B132*C132 -> 1800
A133: TOTAL ENCUADERNACION Y EDICION | D133: =SUM(D129:D132) -> 10920

Sheet LOTES
A1: PRESUPUESTO BASE DE LICITACIÓN | B1: Importe
A2: LOTE 1. ZONA OESTE
A3: 0. Renovación del Edificio de Reactivos de Venta Alta | B3: =+'LOTE 1'!B12 -> 427000
A4: 1. TRABAJOS TOPOGRÁFICOS | B4: =+'LOTE 1'!D28 -> 142000
A5: 2. RECONOCIMIENTO GEOLÓGICO-GEOTÉCNICO e INSPECCION DE ESTRUCTURAS | B5: =+'LOTE 1'!D96 -> 69257
A6: 3. REDACCION DE ESTUDIOS Y PROYECTOS | B6: =+'LOTE 1'!D110 -> 684250
A7: 4. DIRECCION DE OBRA | B7: =+'LOTE 1'!D125 -> 355660
A8: 5. ENCUADERNACION Y EDICION | B8: =+'LOTE 1'!D133 -> 10920
A9: TOTAL LOTE 1 | B9: =SUM(B3:B8) -> 1689087
A10: LOTE 2. ZONA ESTE
A11: 0. Ampliación y mejora ETAP de Gorosika (Ondarroa) | B11: =+'LOTE 2'!B12 -> 367000
A12: 1. TRABAJOS TOPOGRÁFICOS | B12: =+'LOTE 2'!D28 -> 142000
A13: 2. RECONOCIMIENTO GEOLÓGICO-GEOTÉCNICO e INSPECCION DE ESTRUCTURAS | B13: =+'LOTE 2'!D96 -> 69257
A14: 3. REDACCION DE ESTUDIOS Y PROYECTOS | B14: =+'LOTE 2'!D110 -> 684250
A15: 4. DIRECCION DE OBRA | B15: =+'LOTE 2'!D125 -> 355660
A16: 5. ENCUADERNACION Y EDICION | B16: =+'LOTE 2'!D133 -> 10920
A17: TOTAL LOTE 2 | B17: =SUM(B11:B16) -> 1629087
A20: TOTAL PRESUPUESTO BASE DE LICITACIÓN (IVA EXCLUIDO) | B20: Importe
A21: LOTE 1. ZONA OESTE | B21: =+B9 -> 1689087
A22: LOTE 2. ZONA ESTE | B22: =+B17 -> 1629087
A23: TOTAL PRESUPUESTO BASE DE LICITACIÓN (IVA EXCLUIDO) | B23: =+B22+B21 -> 3318174
